 Dungeon Crawl Stone Soup version 0.32-a0-18-g89e19f1974 (webtiles) character file.

Game seed: 15467341706140281336

7 seren the Ruffian (level 1, 0/24 HPs)
             Began as a Draconian Shapeshifter on Jan 16, 2024.
             Succumbed to a goblin's poison
             ... on level 1 of the Dungeon.
             The game lasted 00:00:33 (97 turns).

seren the Ruffian (Draconian Shapeshifter)            Turns: 97, Time: 00:00:34

Health: 0/24       AC: 20    Str: 16    XL:     1   Next: 83%
Magic:  1/1        EV:  2    Int: 10    God:
Gold:   11         SH:  0    Dex: 10    Spells: 0/0 levels left

rFire   . .          .
                       - Unarmed
rCold   . . .        (no shield)
rNeg    . . .        (body armour unavailable)
rPois   +            (helmet currently unavailable)
rElec   .            (cloak currently unavailable)
rCorr   .            (gloves currently unavailable)
SInv    .            (boots currently unavailable)
Will    .....        (no amulet)
Stlth   +            (no ring)
HPRegen 0.24/turn    (no ring)
MPRegen 0.07/turn

%: no passive effects
@: lethally poisoned (0 -> -6), tree-form
A: stationary, stasis, torment immunity, boosted hp, AC +4, unfitting armour,
(cold-blooded)
a: no special abilities


You were on level 1 of the Dungeon.
You were a tree.
You visited 1 branch of the dungeon, and saw 1 of its levels.

You collected 11 gold pieces.

Inventory:

Hand Weapons
 e - a +2 dagger of venom
Talismans
 b - a beast talisman
 c - a flux talisman
Scrolls
 d - a scroll of poison {unknown}
Potions
 a - a potion of lignification


   Skills:
 + Level 1.2 Fighting
 + Level 1.9 Dodging
 * Level 3.1 Unarmed Combat
 * Level 3.1 Shapeshifting


You couldn't memorise any spells.
You didn't know any spells.
Your spell library was empty.

Dungeon Overview and Level Annotations

Branches:
Dungeon (1/15)

Altars:


Innate Abilities, Weirdness & Mutations

You are a tree.
Your roots penetrate the ground, keeping you stationary.
You cannot be teleported.
You are immune to unholy pain and torment.
Your maximum health is greatly increased.
Your equipment is partially melded.
((Your plain brown scales are hard. (AC +4)))
You cannot fit into any form of body armour.
((You are cold-blooded and may be slowed by cold attacks.))


Message History

The quokka is severely wounded.
The quokka barely misses you.
You barely miss the quokka.
The quokka is severely wounded.
The quokka barely misses you. The quokka closely misses you.
You hit the quokka.
You kill the quokka!
No target in view!
You now have 11 gold pieces.
d - a scroll labelled SELUZARA HAGOS
Found 5 stones.
a - 2 potions of lignification (gained 1)
A goblin comes into view. It is wielding a +2 dagger of venom.
The goblin shouts!
The goblin hits you with a +2 dagger of venom.
You are poisoned.
You hit the goblin.
The goblin is heavily wounded.
You feel sick.
The goblin hits you with a +2 dagger of venom.
* * * LOW HITPOINT WARNING * * *
You are lethally poisoned!
You punch the goblin!
You kill the goblin!
* * * LOW HITPOINT WARNING * * *
You feel very sick.
You are too injured to fight recklessly!
* * * LOW HITPOINT WARNING * * *
You feel very sick.
You see here a +2 dagger of venom.
e - a +2 dagger of venom
* * * LOW HITPOINT WARNING * * *
You feel sick.
Your transformation has ended.
You turn into a tree.
Your roots penetrate the ground.
* * * LOW HITPOINT WARNING * * *
You feel sick.
Okay, then.
There is a lethal amount of poison in your body!
You die...

###................
..†##.)..............
..†'.................
...###.......##.....
...#...............
...#....#........#######
####....+...............
+ ######.............# #
.............♣.....#
..........##########
..........# ..........#
.........## ##.......#
#.......# #.......#


There were no monsters in sight!

Vanquished Creatures
  2 ball pythons (D:1)
  A hobgoblin (D:1)
  A quokka (D:1)
  2 goblins (D:1)
6 creatures vanquished.

Notes
Turn   | Place    | Note
-------+----------+-------------------------------------------
     0 | D:1      | seren the Draconian Shapeshifter began the quest for the
                  | Orb.
     0 | D:1      | Reached XP level 1. HP: 16/16 MP: 1/1
    96 | D:1      | HP: 1/24 [poisoned by a goblin]
    97 | D:1      | Succumbed to a goblin's poison

Illustrated notes

Levels and vault maps discovered:
D:1:      dpeg_arrival_rhombi, layout_basic, hex_intersection

Action                     || total
---------------------------++-------
  Melee: Unarmed           ||    17
         Tailslap          ||     2
    Use: Potion            ||     1
 Armour: Skin              ||     9
  Dodge: Dodged            ||    18

Table legend: (Time is in decaauts)
 A = Elapsed time spent in this place.
 B = Non-inter-level travel time spent in this place.
 C = Inter-level travel time spent in this place.
 D = Time resting spent in this place.
 E = Time spent auto-exploring this place.
 F = Levels seen in this place.
 G = Mean time per level.
                   A        B        C        D        E       F      G
               +--------+--------+--------+--------+--------+-----+--------+
         Total |     96 |     96 |      0 |     18 |     35 |   1 |   96.0 |
       Dungeon |     96 |     96 |      0 |     18 |     35 |   1 |   96.0 |
               +--------+--------+--------+--------+--------+-----+--------+

Top non-repeatable levels by time:
     D:1: 96 daAuts
